 Dungeon Crawl Stone Soup version 0.29.1-12-g30fa7ad0bf (webtiles) character file.

Game seed: 11324995159077850657

33629 rakiston the Warrior (level 13, -7/138 HPs)
             Began as a Minotaur Berserker on Dec 11, 2022.
             Was the Champion of Trog.
             Mangled by an orc warrior
             ... wielding a +0 great mace
              (24 damage)
             ... on level 2 of the Orcish Mines on Dec 13, 2022.
             The game lasted 01:30:40 (12109 turns).

rakiston the Warrior (Minotaur Berserker)          Turns: 12109, Time: 01:30:40

Health: -7/138     AC: 19    Str: 23    XL:     13   Next: 37%
Magic:  12/12      EV: 11    Int:  4    God:    Trog [******]
Gold:   1200       SH:  0    Dex: 12    Spells: 12/12 levels left

rFire   + . .      SeeInvis .   G - +9 executioner's axe of Impermanence {venom, rCorr Stlth+}
rCold   . . .      Faith    .   (shield currently unavailable)
rNeg    + . .      Spirit   .   F - +5 scale mail of Ruraj {rElec rF+ Str-2}
rPois   .          Reflect  .   y - +0 hat
rElec   +          Harm     .   L - +0 cloak
rCorr   +          Rampage  .   (no gloves)
Will    .....                   i - +2 pair of boots
Stlth   +.........              S - amulet of the acrobat
HPRegen 0.33/turn               k - ring of positive energy
MPRegen 0.13/turn               l - +4 ring of slaying

@: studying Shields
A: horns 2, retaliatory headbutt
a: Renounce Religion, Berserk, Trog's Hand, Brothers in Arms


You were on level 2 of the Orcish Mines.
You worshipped Trog.
Trog was exalted by your worship.
You visited 2 branches of the dungeon, and saw 13 of its levels.
You also visited: Sewer and Bailey.

You collected 1472 gold pieces.
You spent 272 gold pieces at shops.

Inventory:

Hand Weapons
 d - a +2 hand axe of flaming
 u - a +3 battleaxe of flaming
 z - the +12 war axe of Zanlargh {vorpal, rC+ Dex+3}
   (You bought it in a shop on level 4 of the Dungeon)

   It inflicts extra damage upon your enemies.
   Dex:       It affects your dexterity (+3).
   rC:        It protects you from cold.
 G - the +9 executioner's axe of Impermanence (weapon) {venom, rCorr Stlth+}
   (You acquired it in a bailey)

   It poisons the flesh of those it strikes.
   rCorr:     It protects you from acid and corrosion.
   Stlth:     It makes you more stealthy.
 O - a +0 shortbow
 X - a +3 arbalest
 Y - a +5 hand axe of freezing
Missiles
 p - 44 poisoned darts (quivered)
 A - 9 atropa-tipped darts
 D - 3 curare-tipped darts
 H - 15 boomerangs
Armour
 i - a +2 pair of boots (worn)
 y - a +0 hat (worn)
 F - the +5 scale mail of Ruraj (worn) {rElec rF+ Str-2}
   (You found it on level 5 of the Dungeon)

   Str:       It affects your strength (-2).
   rF:        It protects you from fire.
   rElec:     It insulates you from electricity.
 L - a +0 cloak (worn)
 Q - an orb of light
 Z - a +0 pair of gloves
Jewellery
 b - a ring of willpower
 j - a ring of poison resistance
 k - a ring of positive energy (left hand)
 l - a +4 ring of slaying (right hand)
 N - a ring of flight
 S - an amulet of the acrobat (around neck)
Wands
 q - a wand of flame (25)
 x - a wand of charming (15)
 I - a wand of mindburst (9)
 K - a wand of acid (5)
 T - a wand of polymorph (9)
 U - a wand of iceblast (4)
Scrolls
 g - a scroll of fear
 r - 3 scrolls of teleportation
 s - a scroll of summoning
 t - a scroll of brand weapon
 w - 3 scrolls of poison
 B - a scroll of torment
 C - a scroll of enchant armour
 E - a scroll of vulnerability {unknown}
 V - a scroll of fog {unknown}
Potions
 a - a potion of might
 c - a potion of lignification
 e - 3 potions of haste
 f - a potion of resistance
 h - 2 potions of mutation
 m - 6 potions of curing
 n - a potion of cancellation
 o - 3 potions of magic
 J - 3 potions of attraction
 M - 4 potions of degeneration {unknown}
 R - a potion of flight {unknown}
 W - a potion of invisibility {unknown}


   Skills:
 + Level 19.5 Fighting
 - Level 15.0 Axes
 - Level 0.4 Throwing
 + Level 12.8 Armour
 - Level 2.5 Dodging


You had 12 spell levels left.
You didn't know any spells.
Your spell library was empty.

Dungeon Overview and Level Annotations

Branches:
Dungeon (11/15)            Temple (0/1) D:5            Lair (0/5) D:10
    Orc (2/2) D:11            Elf (0/3) Orc:2         Sewer (visited)
 Bailey (visited)

Altars:
Ashenzari
Cheibriados
Hepliaklqana
Kikubaaqudgha
Nemelex Xobeh
Okawaru
Sif Muna
Trog
Vehumet
Xom
The Shining One

Shops:
D:1 *   D:4 [(*:   D:6 *   D:8 *

Annotations:
D:3 1 runed translucent door, CobraLily's ghost, amateur NaFE
D:9 2 transporters
D:10 2 transporters, mkat's ghost, journeyman KoVM


Innate Abilities, Weirdness & Mutations

You have a pair of horns on your head.
You reflexively headbutt those who attack you in melee.


Message History

You now have 1165 gold pieces (gained 28).
An orc knight comes into view. It is wielding a +0 arbalest.
The orc knight shouts!
The orc knight roars a battlecry!
You see here 15 gold pieces.
You now have 1185 gold pieces (gained 20).
The orc knight shoots a bolt.
The bolt closely misses you.
You see here 15 gold pieces.
You now have 1200 gold pieces (gained 15).
The orc knight shoots a bolt.
The bolt hits you!
The orc knight shoots a bolt.
The bolt barely misses you.
An orc warrior comes into view. It is wielding a +0 arbalest.
The orc knight shoots a bolt.
The bolt completely misses you.
The orc warrior moves out of view.
You slice the orc knight!!
The orc knight is poisoned.
The orc knight is moderately wounded.
The orc knight unwields a +0 arbalest.
The orc knight wields a +0 great mace.
The orc knight closely misses you. You furiously retaliate!
You headbutt the orc knight. You carve the orc knight like a ham!!!
The orc knight looks as sick as possible!
The orc knight is almost dead.
You hear a shout!
The orc knight hits you with a +0 great mace!
The orc knight hits you with a +0 great mace!!
You miss the orc knight. You headbutt the orc knight.
You kill the orc knight!
Trog accepts your kill.
The orc warrior shoots a bolt.
The bolt barely misses you.
The orc warrior unwields a +0 arbalest.
The orc warrior wields a +0 great mace.
The orc warrior hits you with a +0 great mace!
You closely miss the orc warrior.
The orc warrior hits you with a +0 great mace!!
* * * LOW HITPOINT WARNING * * *
The orc warrior shouts!
You slash the orc warrior! Your headbutt misses the orc warrior.
The orc warrior is heavily wounded.
You hear a shout!
The orc warrior hits you with a +0 great mace!!
You die...

... #..# #...#. #....o. ###
##....... #.###.#....#
##.....o....#.
#.....@#...... ##
##.#....)#...#
....######...#....#...## .
............#..........##o.
.............#.............
..##......................
...#........)..[)[).......
. #...#....))...[)))......
...#[)#[..).<))...)........


You could see 2 orc warriors.

Vanquished Creatures
  An orc warlord (Orc:1)
  Snorg (Orc:2)
  Josephine (D:11)
  An ogre mage (Orc:1)
  7 two-headed ogres
  A skeletal warrior (D:11)
  4 orc knights
  An orc sorcerer (Orc:1)
  5 centaur zombies (D:11)
  10 centaur skeletons (D:11)
  A gargoyle (D:11)
  5 trolls
  4 flying skulls (D:11)
  4 shadows
  A vampire (D:11)
  24 yaks
  4 wraiths
  3 wyverns
  9 wargs
  2 water moccasins (D:10)
  Duvessa (D:5)
  6 black bears
  42 orc warriors
  7 ogres
  7 centaurs
  6 kobold brigands
  2 phantoms (D:7)
  6 bullfrogs
  2 gnoll sergeants
  A scorpion (D:5)
  16 wights
  Dowan (D:5)
  6 killer bees (D:9)
  5 howler monkeys
  2 jellies
  15 orc priests
  14 orc wizards
  Ijyb (D:3)
  2 iguanas
  A boggart skeleton (D:11)
  A howler monkey zombie (D:11)
  18 gnolls
  10 adders
  A shadow imp (D:4)
  A white imp (D:5)
  72 orcs
  7 endoplasms
  8 giant cockroaches
  13 goblins
  2 hobgoblins
  3 jackals (D:3)
  21 kobolds
  4 quokkas
  10 ball pythons
  6 bats
  A frilled lizard (D:2)
  9 rats
419 creatures vanquished.

Vanquished Creatures (collateral kills)
  A troll (Orc:2)
  A warg (Orc:2)
  5 orc warriors (Orc:2)
  5 centaurs (Orc:2)
  An ogre (Orc:2)
  2 orc priests (Orc:2)
  2 orc wizards (Orc:2)
  7 orcs (Orc:2)
24 creatures vanquished.

Vanquished Creatures (others)
  A gnoll (D:6)
  An orc (Orc:2)
  26 fungi
  35 plants
  4 toadstools (D:1)
67 creatures vanquished.

Grand Total: 510 creatures vanquished

Notes
Turn   | Place    | Note
-------+----------+-------------------------------------------
     0 | D:1      | rakiston the Minotaur Berserker began the quest for the
                  | Orb.
     0 | D:1      | Reached XP level 1. HP: 19/19 MP: 0/0
    40 | D:1      | Found Ebeinoc's General Store.
   157 | D:1      | Reached XP level 2. HP: 27/27 MP: 1/1
   158 | D:1      | Reached skill level 4 in Fighting
   796 | D:1      | Reached XP level 3. HP: 34/34 MP: 2/2
  1174 | D:2      | Found a faded altar of an unknown god.
  1667 | D:3      | Noticed Ijyb
  1673 | D:3      | Killed Ijyb
  1674 | D:3      | Reached XP level 4. HP: 41/41 MP: 3/3
  1675 | D:3      | Reached ** piety under Trog
  1699 | D:3      | Noticed a black bear
  1709 | D:3      | Killed a black bear
  1710 | D:3      | Reached skill level 5 in Fighting
  1710 | D:3      | Reached skill level 5 in Axes
  1710 | D:3      | Reached XP level 5. HP: 48/48 MP: 4/4
  1835 | D:3      | Found a sparkling altar of Nemelex Xobeh.
  2035 | D:3      | Found a runed translucent door.
  2037 | D:3      | Noticed CobraLily's ghost (amateur NaFE)
  2499 | D:4      | Found Etefopofaeth's General Store.
  2499 | D:4      | Found Ocsaug Qoti's Antique Armour Boutique.
  2499 | D:4      | Found Yxtunnu's Antique Weapon Boutique.
  2503 | D:4      | Found Ewou's Book Boutique.
  2516 | D:4      | Bought a scorched war axe for 272 gold pieces
  2516 | D:4      | Identified the +12 war axe of Zanlargh {vorpal, rC+ Dex+3}
                  | (You bought it in a shop on level 4 of the Dungeon)
  2577 | D:4      | Reached XP level 6. HP: 57/57 MP: 5/5
  2907 | D:5      | Entered Level 5 of the Dungeon
  2917 | D:5      | Found a staircase to the Ecumenical Temple.
  2956 | D:5      | Found a glowing drain.
  2984 | Sewer    | Entered a sewer
  2999 | Sewer    | Reached *** piety under Trog
  3069 | Sewer    | Reached skill level 6 in Fighting
  3296 | Sewer    | Reached XP level 7. HP: 60/63 MP: 6/6
  3503 | D:5      | Identified the +5 scale mail of Ruraj {rElec rF+ Str-2}
  3657 | D:5      | Found a snail-covered altar of Cheibriados.
  3657 | D:5      | Found a bloodstained altar of Trog.
  3748 | D:5      | Reached **** piety under Trog
  3816 | D:5      | Reached XP level 8. HP: 71/71 MP: 7/7
  3959 | D:5      | Found a shimmering altar of Xom.
  4048 | D:5      | Noticed Duvessa
  4048 | D:5      | Noticed Dowan
  4056 | D:5      | Killed Duvessa
  4057 | D:5      | Reached skill level 10 in Axes
  4058 | D:5      | Killed Dowan
  4233 | D:5      | Upgraded the game from 0.29.1-4-g47bece8355 to
                  | 0.29.1-12-g30fa7ad0bf
  4247 | D:6      | Reached skill level 7 in Fighting
  4387 | D:6      | Found Beteutey's Elemental Accessories.
  4620 | D:6      | Found a broken altar of Ashenzari.
  5254 | D:7      | Reached skill level 8 in Fighting
  5254 | D:7      | Reached XP level 9. HP: 72/81 MP: 8/8
  5721 | D:8      | Found Hophezai's General Store.
  5931 | D:8      | Found a faded altar of an unknown god.
  5931 | D:8      | Found an ancient bone altar of Kikubaaqudgha.
  5939 | D:8      | Found a faded altar of an unknown god.
  5942 | D:8      | Found a glowing golden altar of the Shining One.
  5944 | D:8      | Found a shimmering blue altar of Sif Muna.
  5996 | D:8      | Reached skill level 9 in Fighting
  6067 | D:8      | Noticed a two-headed ogre
  6071 | D:8      | Killed a two-headed ogre
  6543 | D:9      | Reached XP level 10. HP: 92/92 MP: 9/9
  6565 | D:9      | Reached skill level 10 in Fighting
  6565 | D:9      | Reached skill level 15 in Axes
  6580 | D:9      | Noticed a two-headed ogre
  6604 | D:9      | Killed a two-headed ogre
  6648 | D:9      | Found a radiant altar of Vehumet.
  6650 | D:9      | Noticed a centaur warrior
  6650 | D:9      | Noticed a fire dragon
  6662 | D:9      | Found a transporter.
  6675 | D:9      | Found a transporter.
  6869 | D:9      | Reached skill level 11 in Fighting
  7058 | D:9      | Found a hazy altar of Hepliaklqana.
  7460 | D:10     | Entered Level 10 of the Dungeon
  7465 | D:10     | Reached skill level 5 in Armour
  7477 | D:10     | Noticed a two-headed ogre
  7480 | D:10     | Killed a two-headed ogre
  7481 | D:10     | Reached skill level 12 in Fighting
  7519 | D:10     | Found a transporter.
  7522 | D:10     | Found a transporter.
  7522 | D:10     | Noticed a six-headed hydra
  7524 | D:10     | Noticed a deep elf pyromancer
  7544 | D:10     | Reached ***** piety under Trog
  7553 | D:10     | Reached XP level 11. HP: 87/105 MP: 10/10
  7571 | D:10     | Found a staircase to the Lair.
  7586 | D:10     | Reached skill level 13 in Fighting
  7758 | D:10     | Found a flagged portal.
  7770 | Bailey   | Entered a bailey
  8022 | Bailey   | Acquired the +9 executioner's axe of Impermanence {venom,
                  | rCorr Stlth+}
  8025 | Bailey   | Noticed an orc knight
  8025 | Bailey   | Noticed an orc knight
  8032 | Bailey   | Killed an orc knight
  8035 | Bailey   | Killed an orc knight
  8036 | Bailey   | Reached skill level 14 in Fighting
  8437 | D:10     | Noticed mkat's ghost (journeyman KoVM)
  8853 | D:11     | Noticed a five-headed hydra
  9061 | D:11     | Noticed Josephine
  9063 | D:11     | Noticed a skeletal warrior
  9072 | D:11     | Reached skill level 15 in Fighting
  9076 | D:11     | Killed Josephine
  9079 | D:11     | Killed a skeletal warrior
  9080 | D:11     | Reached XP level 12. HP: 122/122 MP: 11/11
  9089 | D:11     | Reached skill level 10 in Armour
  9093 | D:11     | Reached skill level 16 in Fighting
  9154 | D:11     | Noticed a two-headed ogre
  9159 | D:11     | Killed a two-headed ogre
  9238 | D:11     | Reached skill level 17 in Fighting
  9533 | D:11     | Found a staircase to the Orcish Mines.
  9799 | Orc:1    | Entered Level 1 of the Orcish Mines
  9868 | Orc:1    | Reached ****** piety under Trog
  9874 | Orc:1    | Received a gift from Trog
 10592 | Orc:1    | Reached skill level 18 in Fighting
 10611 | Orc:1    | Noticed an ogre mage
 10611 | Orc:1    | Noticed a two-headed ogre
 10621 | Orc:1    | Killed a two-headed ogre
 10621 | Orc:1    | Killed an ogre mage
 10670 | Orc:1    | Noticed an orc warlord
 10671 | Orc:1    | Noticed a two-headed ogre
 10690 | Orc:1    | Killed an orc warlord
 10691 | Orc:1    | Reached XP level 13. HP: 70/136 MP: 12/12
 10908 | Orc:1    | Found an iron altar of Okawaru.
 11127 | Orc:2    | Entered Level 2 of the Orcish Mines
 11127 | Orc:2    | Found a staircase to the Elven Halls.
 11459 | Orc:2    | Noticed Snorg
 11531 | Orc:2    | Reached skill level 19 in Fighting
 11542 | Orc:2    | Killed Snorg
 11568 | Orc:2    | Received a gift from Trog
 11583 | Orc:2    | HP: 4/138 [orc warrior/bolt (7)]
 12109 | Orc:2    | Mangled by an orc warrior

Illustrated notes

Levels and vault maps discovered:
D:1:      onia_arrival_pentagram, layout_loops_ring, serial_shops, shop,
          minmay_gold_behind_fungi, minmay_fountain_box,
          minmay_misc_feat_encased, minmay_3d_cube
D:2:      layout_rooms, shapermc_ecumenical_altar_venn, grunt_decor_mini_mirrors
D:3:      layout_basic, nemelex_xobeh_ov_fountains_minmay,
          ebering_ghost_inner_flame, serial_curves, eino_curves_04,
          eino_curves_04, minmay_misc_feat_rugged, minmay_misc_feat_nine_boxes,
          minmay_quantized, uniq_ijyb
D:4:      layout_rooms, minmay_shop_grid_forest
D:5:      layout_loops_cross, amcnicky_altar_gilded,
          gammafunk_temple_overflow_elements, minmay_temple_entry_grid,
          gup_sewer_entry_glass, uniq_duvessa
D:6:      layout_layer_cave, general_overflow_altar, nicolae_elemental_shop
D:7:      layout_basic
D:8:      layout_loops_ring, chequers_temple_overflow_minitemple, serial_shops,
          shop_coins
D:9:      layout_basic, nicolae_hepliaklqana_hippocampus,
          gammafunk_temple_overflow_arena, st_stairs_7,
          minmay_fractal_squares_diagonal_5
D:10:     layout_cave_pools, due_lair_maze_entry_diamond, enter_bailey_1,
          nzn_ghost_randoct
D:11:     hangedman_screamer, layout_basic, david_orc_1_choice
Orc:1:    layout_caves, lemuel_statue_altar, okawaru_metal_pillars_1_2
Orc:2:    st_orc_rangers, layout_caves, basic_altar, nicolae_orc_stony_grotto,
          uniq_snorg

Skill      XL: |  1  2  3  4  5  6  7  8  9 10 11 12 13 |
---------------+----------------------------------------+-----
Fighting       | 4 5 6 8 9 12 15 18 19 | 19.5
Axes           | 4 5 6 8 9 12 14 15 | 15.0
Armour         | 6 9 12 | 12.8
Throwing       | |  0.4
Dodging        | |  2.5

Action                   |  1- 3 |  4- 6 |  7- 9 | 10-12 | 13-15 || total
-------------------------+-------+-------+-------+-------+-------++-------
Melee: Hand axe          |    61 |    61 |       |       |       ||   122
       Headbutt          |    10 |     9 |    20 |    67 |    11 ||   117
       Punch             |     1 |       |       |     2 |       ||     3
       War axe           |       |    56 |   117 |   120 |       ||   293
       Executioner's axe |       |       |       |   199 |    76 ||   275
Throw: Stone             |     3 |     3 |       |     8 |       ||    14
       Dart              |       |       |       |     4 |    24 ||    28
Invok: Berserk           |     1 |     3 |     2 |     4 |       ||    10
       Trog's Hand       |       |       |     1 |     1 |       ||     2
       Brothers in Arms  |       |       |     1 |       |     1 ||     2
  Use: Scroll            |     2 |     9 |     6 |    10 |       ||    27
       Potion            |       |       |     1 |     4 |     5 ||    10
Armor: Animal skin       |     5 |       |       |       |       ||     5
       Chain mail        |     1 |    50 |       |       |       ||    51
       Scale mail        |       |       |    48 |   194 |    51 ||   293
Dodge: Dodged            |    25 |    40 |    51 |   233 |   104 ||   453
